 Dungeon Crawl Stone Soup version 0.27.1-4-g1640c2035a (webtiles) character file.

Game seed: 12964524784069204370

4669 Crownlay the Frost Mage (level 10, -21/74 HPs)
             Began as a Gnoll Ice Elementalist on Nov 1, 2021.
             Was the Champion of Uskayaw.
             Demolished by a large slime creature (35 damage)
             ... on level 7 of the Dungeon.
             The game lasted 00:12:46 (7348 turns).

Crownlay the Frost Mage (Gnoll Ice Elementalist)    Turns: 7348, Time: 00:12:47

Health: -21/74     AC: 17    Str:  8    XL:     10   Next: 44%
Magic:  6/21       EV: 14    Int: 24    God:    Uskayaw [******]
Gold:   398        SH:  0    Dex: 12    Spells: 12/23 levels left

rFire    + . .     SeeInvis .   g - +3 dagger
rCold    + . .     Faith    .   (no shield)
rNeg     . . .     Spirit   .   B - +2 leather armour {rC+}
rPois    .         Reflect  .   (no helmet)
rElec    .         Harm     .   H - +2 cloak
rCorr    .         Rampage  .   d - +0 pair of gloves
Will     .....                  (no boots)
Stlth    +++.......             p - amulet of regeneration
HPRegen  1.22/turn              j - +6 ring of intelligence
MPRegen  0.17/turn              C - ring of protection from fire

@: ice-armoured, freezing walls
A: fangs 1, strong nose, distributed training
a: Renounce Religion, Stomp, Line Pass, Grand Finale


You were on level 7 of the Dungeon.
You worshipped Uskayaw.
Uskayaw was noncommittal.
You visited 2 branches of the dungeon, and saw 8 of its levels.
You also visited: Ossuary.

You collected 398 gold pieces.

Inventory:

Hand Weapons
 g - a +3 dagger (weapon)
 t - a +4 flail of holy wrath
Missiles
 q - 2 throwing nets
 r - 2 silver boomerangs
Armour
 d - a +0 pair of gloves (worn)
 B - a +2 leather armour of cold resistance (worn)
 H - a +2 cloak (worn)
Magical Staves
 c - a staff of conjuration
Jewellery
 j - a +6 ring of intelligence (left hand)
 p - an amulet of regeneration (around neck)
 C - a ring of protection from fire (right hand)
Wands
 E - a wand of mindburst (19)
 F - a wand of flame (12)
Scrolls
 b - 3 scrolls of identify
 e - 3 scrolls of noise
 k - 2 scrolls of silence
 m - a scroll of blinking {unknown}
 n - a scroll of acquirement {unknown}
 o - 3 scrolls of teleportation
 w - a scroll of torment {unknown}
 x - a scroll of enchant armour {unknown}
 y - a scroll of enchant weapon {unknown}
 D - a scroll of amnesia {unknown}
Potions
 a - a potion of degeneration {unknown}
 f - 2 potions of haste {unknown}
 h - a potion of berserk rage {unknown}
 i - 3 potions of attraction
 l - 3 potions of heal wounds
 s - 3 potions of curing {unknown}
 v - a potion of ambrosia {unknown}
 z - a potion of magic {unknown}
 A - a potion of invisibility {unknown}
 G - 2 potions of mutation


   Skills:
 + Level 5.3 Fighting
 + Level 5.3 Short Blades
 + Level 5.3 Long Blades
 + Level 5.3 Axes
 + Level 5.3 Maces & Flails
 + Level 5.3 Polearms
 + Level 5.3 Staves
 + Level 5.3 Slings
 + Level 5.3 Bows
 + Level 5.3 Crossbows
 + Level 5.3 Throwing
 + Level 5.3 Armour
 + Level 7.1 Dodging
 + Level 6.8 Stealth
 + Level 5.3 Shields
 + Level 5.3 Unarmed Combat
 + Level 7.3 Spellcasting
 + Level 4.3 Conjurations
 + Level 4.3 Hexes
 + Level 4.3 Summonings
 + Level 4.3 Necromancy
 + Level 4.3 Translocations
 + Level 4.3 Transmutations
 + Level 4.3 Fire Magic
 + Level 8.4 Ice Magic
 + Level 4.3 Air Magic
 + Level 4.3 Earth Magic
 + Level 4.3 Poison Magic
 + Level 5.8 Invocations
 + Level 5.3 Evocations


You had 12 spell levels left.
You knew the following spells:

 Your Spells              Type           Power      Damage    Failure   Level
a - Freeze                Ice            100%       1d11      1%          1
b - Frozen Ramparts       Ice            98%        1d11      1%          3
c - Ozocubu's Armour      Ice            49%        N/A       1%          3
d - Hailstorm             Conj/Ice       39%        3d9       7%          4

Your spell library contained the following spells:

 Spells                   Type           Power      Damage    Failure   Level


Dungeon Overview and Level Annotations

Branches:
Dungeon (7/15)             Temple (1/1) D:5         Ossuary (visited)

Altars:
Ashenzari
Cheibriados
Dithmenos
Elyvilon
Gozag
Kikubaaqudgha
Makhleb
Nemelex Xobeh
Okawaru
Qazlal
Sif Muna
Trog
Uskayaw
Wu Jian
Yredelemnul
The Shining One

Shops:
D:2 =


Innate Abilities, Weirdness & Mutations

You have very sharp teeth.
Your uncanny sense of smell can sniff out nearby items.
Your experience applies equally to all skills.


Message History

The slime creature is almost dead.
The wall freezes the slime creature!
You kill the slime creature!
The wall freezes the large slime creature.
The large slime creature hits you!
* * * LOW HITPOINT WARNING * * *
The wall freezes the large slime creature.
A large slime creature splits.
Your Dodging skill increases to level 7!
Okay, then.
You feel much better.
The wall freezes the slime creature.
The slime creature hits you!
* * * LOW HITPOINT WARNING * * *
The wall freezes the large slime creature.
The large slime creature hits you.
* * * LOW HITPOINT WARNING * * *
The wall freezes the slime creature.
The slime creature barely misses you.
The wall freezes the slime creature!
You kill the slime creature!
You feel much better.
The wall freezes the slime creature.
The slime creature hits you but does no damage.
The wall freezes the large slime creature!
The large slime creature hits you!
The wall freezes the slime creature!
You kill the slime creature!
You hit the slime creature.
The slime creature is severely wounded.
The wall freezes the slime creature!
The slime creature barely misses you.
The wall freezes the large slime creature!
The large slime creature hits you but does no damage.
Okay, then.
You hit the slime creature but do no damage.
The slime creature is severely wounded.
The wall freezes the slime creature.
The slime creature hits you!
* * * LOW HITPOINT WARNING * * *
You hit the slime creature.
You bite the slime creature, but do no damage.
The slime creature is almost dead.
The wall freezes the large slime creature!
The large slime creature hits you!!
You die...

..#.# #. ..#.# #. .# #
..#.# #..# ..... .#
..#.######..###.#.# #.#
..#...................
......####..###.#.#.#
..###.####..##......
..###.......###.#J#.#.#
............##..@J....#
#..........####.#.#.#.#
##########............#
######.#.#.#.# ........
#.#.#.#.# ........#
#.#.#.#.# ... ...#


You could see a large slime creature and a slime creature.

Vanquished Creatures
  A rust devil (D:5)
  Maggie (D:6)
  Grinder (D:4)
  3 slime creatures (D:7)
  Prince Ribbit (D:7)
  A hornet (D:6)
  A yak (D:7)
  Eustachio (D:5)
  Menkaure (D:6)
  Edmund (D:4)
  An ice beast (D:6)
  An orc warrior (D:7)
  3 black bears
  A necrophage (D:5)
  3 ogres
  A centaur (D:6)
  A phantom (D:5)
  A gnoll sergeant (D:4)
  A bullfrog (D:7)
  A scorpion (D:5)
  A bullfrog zombie (D:5)
  A howler monkey (D:7)
  3 centaur zombies (Ossuary)
  6 hounds
  Crazy Yiuf (D:6)
  3 orc priests
  A bullfrog skeleton (D:3)
  Jessica (D:2)
  6 iguanas
  7 orc wizards
  6 mummies
  A hound skeleton (D:4)
  12 gnolls
  A howler monkey skeleton (D:7)
  11 adders
  A white imp (D:7)
  2 ufetubi
  17 orcs
  3 endoplasms
  4 giant cockroaches
  12 goblins
  4 hobgoblins
  7 jackals
  4 kobolds
  A quokka (D:2)
  4 ball pythons
  13 bats
  6 frilled lizards
  A goblin zombie (D:5)
  4 hobgoblin zombies (Ossuary)
  An orc zombie (D:5)
  5 rats
176 creatures vanquished.

Vanquished Creatures (others)
  6 plants (D:5)
6 creatures vanquished.

Grand Total: 182 creatures vanquished

Notes
Turn   | Place    | Note
-------+----------+-------------------------------------------
     0 | D:1      | Crownlay the Gnoll Ice Elementalist began the quest for the
                  | Orb.
     0 | D:1      | Reached XP level 1. HP: 13/13 MP: 6/6
   262 | D:1      | Reached XP level 2. HP: 18/19 MP: 4/7
  1003 | D:2      | Reached XP level 3. HP: 20/25 MP: 9/9
  1007 | D:2      | Learned a level 3 spell: Frozen Ramparts
  1011 | D:2      | Learned a level 3 spell: Ozocubu's Armour
  1074 | D:2      | Reached skill level 5 in Spellcasting
  1170 | D:2      | Reached skill level 1 in Invocations
  1338 | D:2      | Reached skill level 1 in Fighting
  1338 | D:2      | Reached skill level 1 in Short Blades
  1338 | D:2      | Reached skill level 1 in Long Blades
  1338 | D:2      | Reached skill level 1 in Axes
  1338 | D:2      | Reached skill level 1 in Maces & Flails
  1338 | D:2      | Reached skill level 1 in Polearms
  1338 | D:2      | Reached skill level 1 in Staves
  1338 | D:2      | Reached skill level 1 in Slings
  1338 | D:2      | Reached skill level 1 in Bows
  1338 | D:2      | Reached skill level 1 in Crossbows
  1338 | D:2      | Reached skill level 1 in Throwing
  1338 | D:2      | Reached skill level 1 in Armour
  1338 | D:2      | Reached skill level 1 in Shields
  1338 | D:2      | Reached skill level 1 in Unarmed Combat
  1338 | D:2      | Reached skill level 1 in Evocations
  1438 | D:2      | Found Bily's Jewellery Shop.
  1446 | D:2      | Noticed Jessica
  1453 | D:2      | Killed Jessica
  1454 | D:2      | Reached XP level 4. HP: 32/32 MP: 11/11
  1998 | D:3      | Reached skill level 1 in Conjurations
  1998 | D:3      | Reached skill level 1 in Hexes
  1998 | D:3      | Reached skill level 1 in Summonings
  1998 | D:3      | Reached skill level 1 in Necromancy
  1998 | D:3      | Reached skill level 1 in Translocations
  1998 | D:3      | Reached skill level 1 in Transmutations
  1998 | D:3      | Reached skill level 1 in Fire Magic
  1998 | D:3      | Reached skill level 1 in Air Magic
  1998 | D:3      | Reached skill level 1 in Earth Magic
  1998 | D:3      | Reached skill level 1 in Poison Magic
  2043 | D:3      | Reached XP level 5. HP: 34/37 MP: 4/12
  2852 | D:4      | Noticed Grinder
  2882 | D:4      | Killed Grinder
  2883 | D:4      | Reached skill level 5 in Dodging
  2883 | D:4      | Reached XP level 6. HP: 11/44 MP: 3/14
  2970 | D:4      | Noticed a black bear
  2979 | D:4      | Killed a black bear
  2980 | D:4      | Reached XP level 7. HP: 51/51 MP: 9/15
  3209 | D:4      | Noticed Edmund
  3218 | D:4      | Killed Edmund
  3219 | D:4      | Reached skill level 5 in Stealth
  3531 | D:4      | Reached XP level 8. HP: 57/57 MP: 9/16
  4379 | D:5      | Entered Level 5 of the Dungeon
  4510 | D:5      | Found a sand-covered staircase.
  4523 | Ossuary  | Entered an ossuary
  4999 | D:5      | Noticed Eustachio
  5026 | D:5      | Killed Eustachio
  5027 | D:5      | Reached XP level 9. HP: 65/65 MP: 10/18
  5106 | D:5      | Noticed a rust devil
  5149 | D:5      | Learned a level 4 spell: Hailstorm
  5374 | D:5      | Killed a rust devil
  5529 | D:5      | Reached skill level 8 in Ice Magic
  5658 | D:5      | Noticed an angel
  5669 | D:5      | Found a staircase to the Ecumenical Temple.
  5696 | Temple   | Entered the Ecumenical Temple
  5737 | Temple   | Became a worshipper of Uskayaw the Reveller
  5892 | D:6      | Noticed Maggie
  5894 | D:6      | Reached * piety under Uskayaw
  5898 | D:6      | Reached ** piety under Uskayaw
  5901 | D:6      | Reached *** piety under Uskayaw
  5902 | D:6      | Killed Maggie
  5959 | D:6      | Found an ornate altar of the Wu Jian Council.
  5973 | D:6      | Noticed Menkaure
  5984 | D:6      | Killed Menkaure
  5986 | D:6      | Reached **** piety under Uskayaw
  6047 | D:6      | Reached skill level 5 in Invocations
  6082 | D:6      | Noticed a hornet
  6088 | D:6      | Killed a hornet
  6506 | D:6      | Reached XP level 10. HP: 73/73 MP: 14/20
  6646 | D:6      | Found a runed translucent door.
  6647 | D:6      | Noticed Crazy Yiuf
  6909 | D:6      | Killed Crazy Yiuf
  7087 | D:7      | Reached skill level 5 in Fighting
  7087 | D:7      | Reached skill level 5 in Short Blades
  7087 | D:7      | Reached skill level 5 in Long Blades
  7087 | D:7      | Reached skill level 5 in Axes
  7087 | D:7      | Reached skill level 5 in Maces & Flails
  7087 | D:7      | Reached skill level 5 in Polearms
  7087 | D:7      | Reached skill level 5 in Staves
  7087 | D:7      | Reached skill level 5 in Slings
  7087 | D:7      | Reached skill level 5 in Bows
  7087 | D:7      | Reached skill level 5 in Crossbows
  7087 | D:7      | Reached skill level 5 in Throwing
  7087 | D:7      | Reached skill level 5 in Armour
  7087 | D:7      | Reached skill level 5 in Shields
  7087 | D:7      | Reached skill level 5 in Unarmed Combat
  7087 | D:7      | Reached skill level 5 in Evocations
  7134 | D:7      | Noticed Prince Ribbit
  7147 | D:7      | Killed Prince Ribbit
  7340 | D:7      | Reached ***** piety under Uskayaw
  7343 | D:7      | HP: 2/74 [large slime creature (9)]
  7346 | D:7      | Reached ****** piety under Uskayaw
  7348 | D:7      | Demolished by a large slime creature

Illustrated notes

Levels and vault maps discovered:
D:1:      dpeg_arrival_pits, layout_rooms
D:2:      layout_loops_ring, serial_shops, shop, minmay_misc_feat_room,
          minmay_split_cup_large, uniq_jessica
D:3:      layout_basic, minmay_misc_feat_diagonals
D:4:      layout_basic, uniq_edmund, uniq_grinder
D:5:      layout_basic, temple_garden, nicolae_ossuary_entry_giza,
          uniq_eustachio
D:6:      layout_basic, nicolae_wu_jian_wuxing_cycle, minmay_misc_feat_rows,
          grunt_decor_one_mirror, uniq_maggie, uniq_crazy_yiuf_cottage,
          uniq_menkaure
D:7:      layout_loops_ring, st_stairs_12, kennysheep_generic_room_15,
          uniq_prince_ribbit1
Temple:   eino_wide_crystal_templ

Skill      XL: |  1  2  3  4  5  6  7  8  9 10 |
---------------+-------------------------------+-----
Spellcasting   | 5 6 7 |  7.3
Invocations    | 1 2 3 4 5 |  5.8
Fighting       | 1 2 3 4 5 |  5.3
Short Blades   | 1 2 3 4 5 |  5.3
Long Blades    | 1 2 3 4 5 |  5.3
Axes           | 1 2 3 4 5 |  5.3
Maces & Flails | 1 2 3 4 5 |  5.3
Polearms       | 1 2 3 4 5 |  5.3
Staves         | 1 2 3 4 5 |  5.3
Slings         | 1 2 3 4 5 |  5.3
Bows           | 1 2 3 4 5 |  5.3
Crossbows      | 1 2 3 4 5 |  5.3
Throwing       | 1 2 3 4 5 |  5.3
Armour         | 1 2 3 4 5 |  5.3
Shields        | 1 2 3 4 5 |  5.3
Unarmed Combat | 1 2 3 4 5 |  5.3
Evocations     | 1 2 3 4 5 |  5.3
Conjurations   | 1 2 3 4 |  4.3
Hexes          | 1 2 3 4 |  4.3
Summonings     | 1 2 3 4 |  4.3
Necromancy     | 1 2 3 4 |  4.3
Translocations | 1 2 3 4 |  4.3
Transmutations | 1 2 3 4 |  4.3
Fire Magic     | 1 2 3 4 |  4.3
Air Magic      | 1 2 3 4 |  4.3
Earth Magic    | 1 2 3 4 |  4.3
Poison Magic   | 1 2 3 4 |  4.3
Dodging        | 5 6 7 |  7.1
Stealth        | 5 6 |  6.8
Ice Magic      | 8 |  8.4

Action                   |  1- 3 |  4- 6 |  7- 9 | 10-12 || total
-------------------------+-------+-------+-------+-------++-------
Melee: Unarmed           |     5 |       |       |       ||     5
       Dagger            |    44 |   100 |   103 |    53 ||   300
       Short sword       |    21 |       |       |       ||    21
       Bite              |     2 |     4 |    10 |     8 ||    24
       Flail             |       |       |    70 |     5 ||    75
       Punch             |       |       |     3 |       ||     3
Throw: Boomerang         |       |       |     5 |       ||     5
 Cast: Freeze            |    23 |       |     4 |       ||    27
       Frozen Ramparts   |     1 |     8 |    30 |     6 ||    45
       Ozocubu's Armour  |     1 |     5 |    19 |     5 ||    30
       Hailstorm         |       |       |    11 |     3 ||    14
  Use: Scroll            |       |       |     4 |     2 ||     6
       Potion            |       |       |       |     2 ||     2
 Stab: Distracted        |     1 |       |     2 |       ||     3
       Sleeping          |     2 |     5 |     8 |     1 ||    16
       Paralysed         |       |       |     4 |     3 ||     7
Armor: Robe              |    30 |    46 |    43 |       ||   119
       Leather armour    |       |       |    17 |    16 ||    33
Dodge: Dodged            |    66 |    85 |   150 |    39 ||   340
